 Dungeon Crawl Stone Soup version 0.29-a0-284-gf9362112df (webtiles) character file.

Game seed: 2587031130225336889

4 davidthevgamer991 the Skirmisher (level 1, -2/18 HPs)
             Began as a Demonspawn Fighter on Mar 29, 2022.
             Frozen to death by an endoplasm (5 damage)
             ... on level 1 of the Dungeon.
             The game lasted 00:00:47 (81 turns).

davidthevgamer991 the Skirmisher (Demonspawn Fighter) Turns: 81, Time: 00:00:48

Health: -2/18      AC:  6    Str: 16    XL:     1   Next: 58%
Magic:  1/1        EV:  8    Int:  9    God:
Gold:   14         SH:  4    Dex: 12    Spells: 0/0 levels left

rFire   . . .      SeeInvis .   a - +0 long sword
rCold   . . .      Faith    .   c - +0 buckler
rNeg    . . .      Spirit   .   b - +0 scale mail
rPois   .          Reflect  .   (no helmet)
rElec   .          Harm     .   (no cloak)
rCorr   .          Rampage  .   (no gloves)
Will    .....                   (no boots)
Stlth   ..........              (no amulet)
HPRegen 0.06/turn               (no ring)
MPRegen 0.07/turn               (no ring)

@: no status effects
A: no striking features
a: no special abilities


You were on level 1 of the Dungeon.
You visited 1 branch of the dungeon, and saw 1 of its levels.

You collected 14 gold pieces.

Inventory:

Hand Weapons
 a - a +0 long sword (weapon)
Armour
 b - a +0 scale mail (worn)
 c - a +0 buckler (worn)
Scrolls
 e - a scroll of teleportation {unknown}
Potions
 d - a potion of might


   Skills:
 + Level 3.0 Fighting
 + Level 2.0 Long Blades
 + Level 2.7 Armour
 + Level 2.7 Shields


You couldn't memorise any spells.
You didn't know any spells.
Your spell library was empty.

Dungeon Overview and Level Annotations

Branches:
Dungeon (1/15)

Altars:


Message History

The quokka closely misses you. x2
You closely miss the quokka.
The quokka is almost dead.
You block the quokka's attack.
You hit the quokka but do no damage.
The quokka is almost dead.
The quokka closely misses you. You block the quokka's attack.
You miss the quokka.
The quokka is almost dead.
The quokka closely misses you. The quokka barely misses you.
You hit the quokka but do no damage.
The quokka is almost dead.
The quokka bites you but does no damage.
You hit the quokka.
You kill the quokka!
Things that are here:
a quokka corpse; a hobgoblin corpse
Things that are here:
a quokka corpse; a hobgoblin corpse You see here a hobgoblin corpse.
e - a scroll labelled SILEESIWKO You see here a hobgoblin corpse.
Things that are here:
a quokka corpse; a hobgoblin corpse
Found 22 stones.
An endoplasm comes into view.
The endoplasm quivers.
Found a stone staircase leading down.
You hit the endoplasm but do no damage. The endoplasm freezes you.
You are frozen.
* * * LOW HITPOINT WARNING * * *
You hit the endoplasm but do no damage. The endoplasm hits you.
* * * LOW HITPOINT WARNING * * *
You hit the endoplasm.
The endoplasm is almost dead.
The endoplasm hits you but does no damage.
The endoplasm freezes you.
You are frozen.
You die...

§### ♣♣♣☼.§ #... ∩○.♣§#
#..#### # .∩♣♣☼##.#
#.(#.. . ..°☼♣♣#.#
#..#.# .# # ..°§♣[#.#
#..#.##.##.# .8...♣#.#
##...........
°..∩§♣#.####.#.#......>#
.☼○♣♣.#.#.......@J......
.∩♣°○##.#.##.#.#.......#
∩..♣⌠..††.......##......
♣♣♣○§##.######.## ######
..♣♣###.# ### ♣♣# #.# #
... # #.# ###


You could see an endoplasm.

Vanquished Creatures
  2 hobgoblins (D:1)
  A quokka (D:1)
  A rat (D:1)
4 creatures vanquished.

Notes
Turn   | Place    | Note
-------+----------+-------------------------------------------
     0 | D:1      | davidthevgamer991 the Demonspawn Fighter began the quest
                  | for the Orb.
     0 | D:1      | Reached XP level 1. HP: 18/18 MP: 1/1
    81 | D:1      | Frozen to death by an endoplasm

Illustrated notes

Levels and vault maps discovered:
D:1:      heliophobic_arrival_enchanted_forest, layout_loops_ring,
          shapermc_ecumenical_altar_ellora

Skill      XL: |  1 |
---------------+----+-----
Long Blades    | 2 |  2.0
Fighting       | |  3.0
Armour         | |  2.7
Shields        | |  2.7

Action                   || total
-------------------------++-------
Melee: Long sword        ||    27
Armor: Scale mail        ||    12
Dodge: Dodged            ||    19
Block: Buckler           ||     7

Table legend: (Time is in decaauts)
 A = Elapsed time spent in this place.
 B = Non-inter-level travel time spent in this place.
 C = Inter-level travel time spent in this place.
 D = Time resting spent in this place.
 E = Time spent auto-exploring this place.
 F = Levels seen in this place.
 G = Mean time per level.
                   A        B        C        D        E       F      G
               +--------+--------+--------+--------+--------+-----+--------+
         Total |     89 |     83 |      6 |      0 |      0 |   1 |   89.0 |
       Dungeon |     89 |     83 |      6 |      0 |      0 |   1 |   89.0 |
               +--------+--------+--------+--------+--------+-----+--------+

Top non-repeatable levels by time:
     D:1: 89 daAuts
